 Dungeon Crawl Stone Soup version 0.22-a0-1003-g31bc37a (webtiles) character file.

2473823 thesequoiad the Hoplite (level 27, 197/207 HPs)
             Began as a Demonspawn Archaeologist on Nov 9, 2020.
             Was the Champion of Okawaru.
             Escaped with the Orb
             ... and 4 runes on Nov 11, 2020!
             The game lasted 08:57:43 (68033 turns).

thesequoiad the Hoplite (Demonspawn Archaeologist) Turns: 68033, Time: 08:57:44

Health: 197/207    AC: 24    Str: 27    XL:     27
Magic:  55/55      EV: 14    Int: 35    God:    Okawaru [******]
Gold:   1940       SH: 35    Dex: 24    Spells: 16/58 levels left

rFire    + + .     SeeInvis +   b - +6 broad axe of Internal Strife {pain, *Drain rPois rF+}
rCold    + + +     Gourm    .   I - +8 large shield {AC+3}
rNeg     . . .     Faith    +   e - +8 robe of Augmentation {Str+8 Int+8 Dex+8}
rPois    +         Spirit   +   c - +2 hat
rElec    +         Reflect  .   K - scarf {cloud immunity}
rCorr    +         Harm     .   E - +2 pair of gloves {archery}
rMut     +                      J - amulet "Lakk" {Faith *Contam rElec MR+ SInv}
MR       +++++                  z - ring of Archear {rPois rC+ MR+ SInv Stlth-}
Stlth    +.........             S - ring of Poumura {rCorr MP+9 Int+4 Dex+4 SInv}
HPRegen  1.44/turn
MPRegen  0.68/turn

@: regenerating, deflect missiles
A: hooves 3, iridescent scales 3, blurry vision 1, clever 1, clumsy 1, cold
resistance 2, deterioration 1, fire resistance 1, foul stench 2, high mp 1,
magic resistance 1, mutation resistance 3, passive freeze, strong 1, magic
shield, magic regeneration, magic link, rot immunity, freezing cloud immunity,
MP-powered wands
0: Orb of Zot
}: 4/15 runes: decaying, serpentine, silver, abyssal
a: Release Permanent Buffs, Heroism, Finesse, Renounce Religion


You escaped.
You worshipped Okawaru.
Okawaru was exalted by your worship.
You were very full.
You have taken the pledge of Peer Pressure.
You visited 10 branches of the dungeon, and saw 50 of its levels.
You visited the Abyss 1 time.
You visited 1 ziggurat, and saw 8 of its levels.
You also visited: Labyrinth, Trove and Ice Cave.

You collected 7750 gold pieces.
You spent 5810 gold pieces at shops.

Inventory:

Hand Weapons
 b - the +6 broad axe of Internal Strife (weapon) {pain, *Drain rPois rF+}
   (Okawaru gifted it to you on level 3 of the Vaults)

   In the hands of one skilled in necromantic magic, it inflicts extra damage on
   living creatures.
   It protects you from fire.
   It protects you from poison.
   It causes draining when unequipped.
Missiles
 q - 12 silver boomerangs (quivered)
 N - 4 throwing nets
Armour
 c - a +2 hat (worn)
 e - the +8 robe of Augmentation (worn) {Str+8 Int+8 Dex+8}

   It affects your strength (+8).
   It affects your intelligence (+8).
   It affects your dexterity (+8).
 E - a +2 pair of gloves of archery (worn)
 I - a +8 large shield of protection (worn)
 K - a scarf of cloud immunity (worn)
Jewellery
 d - the ring of Deoriurr {rN+ Int+3 Slay+2}
   (You took it off a deep elf sorcerer on level 3 of the Elven Halls)

   [ring of positive energy]

   It affects your intelligence (+3).
   It affects your accuracy and damage with ranged weapons and melee attacks
   (+2).
   It protects you from negative energy.
 i - the ring "Naogeloj" {rF+ SInv}
   (You found it on level 8 of a ziggurat)

   [ring of see invisible]

   It protects you from fire.
   It lets you see invisible.
 m - the ring of Okyodwaf {rF+ Int+5 Dex+3}
   (You found it in a treasure trove)

   [ring of protection from fire]

   It affects your intelligence (+5).
   It affects your dexterity (+3).
   It protects you from fire.
 z - the ring of Archear (left hand) {rPois rC+ MR+ SInv Stlth-}
   (You took it off a deep elf death mage on level 3 of the Elven Halls)

   [ring of protection from cold]

   It protects you from cold.
   It protects you from poison.
   It affects your resistance to hostile enchantments.
   It lets you see invisible.
   It makes you less stealthy.
 J - the amulet "Lakk" (around neck) {Faith *Contam rElec MR+ SInv}
   (You acquired it on level 13 of the Dungeon)

   [amulet of faith]

   It allows you to gain divine favour quickly.
   It insulates you from electricity.
   It affects your resistance to hostile enchantments.
   It lets you see invisible.
   It causes magical contamination when unequipped.
 M - the ring "Esufit" {rF+ MP+9 Str-2 Dex+2}
   (You found it on level 8 of a ziggurat)

   [ring of magical power]

   It affects your strength (-2).
   It affects your dexterity (+2).
   It protects you from fire.
   It affects your magic capacity (+9).
 S - the ring of Poumura (right hand) {rCorr MP+9 Int+4 Dex+4 SInv}
   (You found it in a treasure trove)

   [ring of resist corrosion]

   It affects your intelligence (+4).
   It affects your dexterity (+4).
   It affects your magic capacity (+9).
   It lets you see invisible.
 W - an uncursed ring of wizardry
Wands
 s - a wand of clouds (17)
 u - a wand of digging (31)
 U - a wand of acid (28)
 X - a wand of iceblast (38)
Scrolls
 a - 3 scrolls of remove curse
 r - 3 scrolls of identify
 v - 7 scrolls of fear
 x - 2 scrolls of silence
 y - 2 scrolls of recharging
 A - 8 scrolls of immolation
 B - 25 scrolls of teleportation
 D - 3 scrolls of fog
 G - 15 scrolls of blinking
Potions
 f - 5 potions of resistance
 h - 3 potions of restore abilities
 n - 5 potions of cancellation
 o - 5 potions of flight
 t - 18 potions of curing
 w - 7 potions of agility
 C - 5 potions of invisibility
 F - 5 potions of brilliance
 H - 11 potions of haste
 L - a potion of magic
 Q - 3 potions of heal wounds
 R - 5 potions of might
 T - 11 potions of lignification
Miscellaneous
 j - a phial of floods
 k - a disc of storms
 l - a shard of Zot
 p - a stone of tremors
 O - 2 boxes of beasts
 P - 4 sacks of spiders
 V - 2 phantom mirrors
 Y - a lamp of fire
Comestibles
 g - 50 rations


   Skills:
 - Level 15.0 Fighting
 - Level 18.0 Axes
 - Level 2.6 Dodging
 - Level 3.5 Stealth
 - Level 25.0 Shields
 - Level 16.0 Spellcasting
 - Level 8.0 Conjurations
 - Level 7.5 Charms
 - Level 9.0 Necromancy
 - Level 12.0 Ice Magic
 - Level 8.0 Air Magic
 * Level 23.0 Earth Magic
 - Level 5.0 Invocations
 - Level 5.1 Evocations


You had 16 spell levels left.
You knew the following spells:

 Your Spells              Type           Power        Failure   Level  Hunger
a - Borgnjor's Vile Clut  Necr/Erth      #######...   1%          5    None
b - Animate Skeleton      Necr           N/A          1%          1    None
c - Regeneration          Chrm/Necr      ######....   1%          3    None
d - Deflect Missiles      Chrm/Air       ######....   9%          6    None
e - Chill Thread          Chrm/Ice       ####         1%          1    None
f - Freezing Cloud        Conj/Ice/Air   #######...   4%          6    None
g - Ozocubu's Refrigerat  Ice            #######...   1%          6    None
h - Spectral Weapon       Hex/Chrm       ######..     1%          3    None
i - Blink                 Tloc           N/A          1%          2    None
j - Shatter               Erth           ########..   11%         9    #######

Your spell library contained the following spells:

 Spells                   Type           Power        Failure   Level  Hunger
 Cause Fear               Hex            ####......   13%         4    None
 Magic Dart               Conj           ####         1%          1    None
 Conjure Flame            Conj/Fire      ######..     1%          3    None
 Bolt of Fire             Conj/Fire      ######....   36%         6    None
 Bolt of Cold             Conj/Ice       #######...   3%          6    None
 Lightning Bolt           Conj/Air       ######....   1%          5    None
 Slow                     Hex            ####....     1%          2    None
 Confuse                  Hex            ####....     4%          3    None
 Throw Flame              Conj/Fire      ######       1%          2    None
 Throw Frost              Conj/Ice       ######       1%          2    None
 Controlled Blink         Tloc           N/A          100%        8    #####..
 Mephitic Cloud           Conj/Pois/Air  ######..     1%          3    None
 Ring of Flames           Chrm/Fire      ######....   94%         7    ####...
 Venom Bolt               Conj/Pois      ######....   7%          5    None
 Olgreb's Toxic Radiance  Pois           ####....     13%         4    None
 Bolt of Draining         Conj/Necr      ######....   1%          5    None
 Animate Dead             Necr           N/A          1%          4    None
 Pain                     Necr           ####         1%          1    None
 Control Undead           Necr           ######....   1%          4    None
 Vampiric Draining        Necr           ######....   1%          3    None
 Freeze                   Ice            ####         0%          1    None
 Summon Ice Beast         Ice/Summ       ######..     1%          4    None
 Ozocubu's Armour         Chrm/Ice       #######.     1%          3    None
 Call Imp                 Summ           ####....     1%          2    None
 Repel Missiles           Chrm/Air       ######       1%          2    None
 Dispel Undead            Necr           ######..     1%          5    None
 Sting                    Conj/Pois      ####         1%          1    None
 Sublimation of Blood     Necr           ######....   1%          2    None
 Summon Demon             Summ           ####......   36%         5    None
 Corpse Rot               Necr           N/A          1%          2    None
 Shock                    Conj/Air       ####         1%          1    None
 Swiftness                Chrm/Air       ######..     1%          2    None
 Agony                    Necr           ######..     1%          5    None
 Spider Form              Tmut/Pois      ####......   4%          3    None
 Blade Hands              Tmut           ####......   36%         5    None
 Ice Form                 Ice/Tmut       ######..     1%          4    None
 Dragon Form              Tmut           ####......   100%        7    ####...
 Throw Icicle             Conj/Ice       #######.     1%          4    None
 Airstrike                Air            ######....   1%          4    None
 Confusing Touch          Hex            ####..       1%          1    None
 Flame Tongue             Conj/Fire      #####        1%          1    None
 Sticks to Snakes         Tmut           ####....     1%          2    None
 Call Canine Familiar     Summ           ####....     4%          3    None
 Ensorcelled Hibernation  Hex/Ice        ######       1%          2    None
 Metabolic Englaciation   Hex/Ice        ######....   3%          5    None
 Summon Butterflies       Summ           ####....     1%          1    None
 Static Discharge         Conj/Air       ######..     1%          3    None
 Corona                   Hex            ####...      1%          1    None
 Alistair's Intoxication  Tmut/Pois      ####....     36%         5    None
 Simulacrum               Ice/Necr       #######...   2%          6    None
 Excruciating Wounds      Chrm/Necr      ######....   1%          5    None
 Portal Projectile        Hex/Tloc       ####..       4%          3    None
 Petrify                  Tmut/Erth      #######.     1%          4    None
 Passage of Golubria      Tloc           N/A          13%         4    None
 Malign Gateway           Summ/Tloc      ####......   100%        7    ####...
 Tornado                  Air            ######....   100%        9    #######
 Leda's Liquefaction      Hex/Erth       #######...   1%          4    None
 Summon Hydra             Summ           ####......   100%        7    ####...
 Darkness                 Hex            ####......   90%         6    None
 Shroud of Golubria       Chrm/Tloc      ######....   1%          2    None
 Inner Flame              Hex/Fire       ####....     4%          3    None
 Disjunction              Tloc           ####......   100%        8    #####..
 Iskenderun's Battlesphe  Conj/Chrm      ######..     1%          5    None
 Fulminant Prism          Conj/Hex       ######....   2%          4    None
 Dazzling Spray           Conj/Hex       ######       1%          3    None
 Force Lance              Conj/Tloc      ######..     2%          4    None
 Infusion                 Chrm           ####         1%          1    None
 Song of Slaying          Chrm           ######..     1%          2    None
 Searing Ray              Conj           ######       1%          2    None
 Virulence                Hex/Pois       ####....     13%         4    None
 Summon Forest            Summ/Tloc      ####......   36%         5    None
 Summon Guardian Golem    Hex/Summ       ####....     4%          3    None
 Dragon's Call            Summ           ####......   100%        9    #######
 Summon Mana Viper        Hex/Summ       ####....     36%         5    None
 Hydra Form               Tmut           ####......   90%         6    None
 Cigotuvi's Embrace       Necr           ######....   1%          5    None
 Gell's Gravitas          Tloc           ####......   4%          3    None
 Yara's Violent Unravell  Hex/Tmut       ####......   36%         5    None
 Lesser Beckoning         Tloc           ####......   4%          3    None
 Poisonous Vapours        Pois/Air       ######       1%          2    None
 Ignition                 Fire           ####......   100%        8    #####..
 Blade of Disaster        Conj/Chrm      ######....   1%          5    None
 Time Stop                Hex            ####......   100%        9    #######
 Differential Expansion   Conj/Ice       #######.     1%          3    None


Dungeon Overview and Level Annotations

Branches:
Dungeon (15/15)            Temple (1/1) D:4            Lair (6/6) D:10
  Swamp (4/4) Lair:2        Snake (4/4) Lair:3        Slime (0/5) Lair:6
    Orc (2/2) D:10            Elf (3/3) Orc:2        Vaults (5/5) D:13
  Crypt (0/3) Vaults:2     Depths (5/5) D:15            Zot (5/5) Depths:5

Altars:
Ashenzari
Cheibriados
Dithmenos
Elyvilon
Fedhas
Gozag
Hepliaklqana
Jiyva
Kikubaaqudgha
Makhleb
Nemelex Xobeh
Okawaru
Qazlal
Ru
Sif Muna
Trog
Uskayaw
Vehumet
Wu Jian
Xom
Yredelemnul
Zin
The Shining One
Beogh

Shops:
D:5 ?   D:8 !   D:13 ?   Orc:2 (}:*   Elf:1 [   Elf:2 =}}   Snake:2 [:(
Vaults:1 :((   Vaults:2 [   Vaults:4 :   Vaults:5 ?!!   Depths:1 [   Depths:5 (

Portals:
Hell: Depths:1 Depths:2 Depths:3 Depths:4 Depths:5
Abyss: Depths:4 Depths:5
Pandemonium: Depths:3 Depths:4 Depths:5

Annotations:
D:2 Robin
Depths:2 exclusion: 2 doors


Innate Abilities, Weirdness & Mutations

You are magically regenerating.
You are manifesting your weapon's spirit.
You are deflecting missles You have woven a chill thread.
You have hooves in place of feet.
You are completely covered in iridescent scales. (AC +6)
Your flesh is very cold resistant. (rC++)
You frequently emit foul miasma when damaged in melee.
A frigid envelope surrounds you and freezes all who hurt you.
When hurt, damage is shared between your health and your magic reserves.
You regenerate magic rapidly.
When low on magic, you restore magic in place of health.
You are immune to rotting.
You are immune to freezing clouds.
Scrolls take you a little longer to read.
Your mind is acute. (Int +2)
You are clumsy. (Dex -2)
Your body sometimes deteriorates upon taking damage.
Your flesh is heat resistant. (rF+)
You have an increased reservoir of magic. (+10% MP)
You are resistant to hostile enchantments. (MR+)
You are almost entirely resistant to further mutation and mutation removal.
Your muscles are strong. (Str +2)
You expend magic power (3 MP) to strengthen your wands.


Message History

You block the hellwing's attack. x2
You slice the hellwing!!
You kick the hellwing, but do no damage.
The hellwing is severely wounded.
Your spectral weapon hits the hellwing!
The hellwing hits your spectral weapon!
Your spectral weapon shares its damage with you!
The hellwing barely misses your spectral weapon.
You strike the helpless hellwing from behind!
You slash the hellwing!
You kill the hellwing!
Okawaru accepts your kill.
No target in view!
No target in view!
You start resting.
A shadow demon comes into view.
Really read with blurry vision while enemies are nearby?
Okay, then.
Magic restored.
Your spectral weapon fades away.
You have escaped!

#.....#################.......#
#44..## ###....2..### ##......#
#...## ##4..........## ##...#.#
#...# ##....##'##....## #...#.#
#..3###4..####.####...# #..##.#
#.....4..##.......##..####.##.#
#..###...#..§§≈≈≈..#...# #.##.#
#..# #..##.≈≈§..≈≈.##..# #.##.#
# #..# #..##.≈≈.@§≈§.##..#
#.##.# # #..#
#..##.≈≈..§≈§.##..# #.##.# #
#..# #...#..§≈.≈§§.#...# #.#...
#
#..####..##.......##..####.####
# #...# #...#########...# #..#
###...# ##....#####....## #..#
.##...## ##...........## ##[.#
.##....## ###.......### ##...#
.##.....########.########....#


You could see a shadow demon.

Vanquished Creatures
  6 orbs of fire
  13 ancient liches
  2 juggernauts
  Boris (Vaults:3)
  Bai Suzhen (Elf:3)
  The ghost of omini the Warrior, a veteran DsGl of Okawaru (Depths:3)
  3 curse toes
  3 caustic shrikes (Depths:2)
  5 Killer Klowns
  Nikola (Swamp:4)
  11 golden dragons
  3 bone dragons
  5 liches
  5 electric golems
  Jorgrun (Swamp:3)
  An Ice Fiend (Depths:2)
  27 Orb Guardians
  15 tentacled monstrosities
  3 deep elf blademasters
  A pandemonium lord (D:2)
  4 titans (Vaults:5)
  8 death cobs
  4 quicksilver dragons
  2 deep elf master archers (Elf:3)
  5 tentacled starspawn
  2 Executioners
  An eldritch tentacle (Vaults:2)
  4 sphinxes
  2 thorn hunters
  9 tengu reavers
  Kirke (D:15)
  7 shadow dragons
  3 draconian monks
  Donald (Vaults:2)
  2 azure jellies (shapeshifter)
  The ghost of thesequoiad the Cruncher, an adept AbAc of Gozag (Orc:2)
  2 azure jellies (Vaults:2)
  13 storm dragons
  7 frost giants
  12 fire giants
  4 draconian knights
  7 nagarajas
  An emperor scorpion (shapeshifter) (Depths:2)
  3 emperor scorpions
  2 orc warlords
  2 iron dragons
  Louise (Swamp:3)
  A balrug (Depths:4)
  3 draconian stormcallers
  6 deep elf sorcerers
  A ghost moth (Zot:5)
  Aizul (Snake:4)
  7 vault wardens
  5 deep elf elementalists
  3 draconian scorchers
  A cacodemon (Abyss:5)
  6 draconian shifters
  A spriggan defender (Depths:3)
  A caustic shrike skeleton (Vaults:2)
  18 very ugly things
  A ghoul (Vaults:2)
  2 draconian annihilators (Zot:2)
  19 ironheart preservers
  24 stone giants
  9 green draconians
  3 war gargoyles (Vaults:5)
  An entropy weaver (Vaults:1)
  7 vampire knights
  The ghost of Tbird the Basher, a journeyman OgRe of Okawaru (Lair:2)
  5 black draconians
  8 deep elf annihilators
  6 deep elf demonologists
  A lorocyproca (D:15)
  7 white draconians
  12 yellow draconians
  8 spark wasps
  5 purple draconians
  4 red draconians
  8 deep elf death magi
  A dire elephant (D:15)
  12 ettins
  An ettin (shapeshifter) (Vaults:5)
  Josephine (D:10)
  A minotaur (Lab)
  16 fire dragons
  Snorg (Lair:4)
  A death ooze (Depths:3)
  25 yaktaur captains
  9 deep elf high priests
  A green death (Zig:7)
  Erolcha (D:9)
  8 rakshasas
  10 naga warriors
  33 vault guards
  13 great orbs of eyes
  The ghost of Tbird the Geomancer, a journeyman FDEE of Vehumet (Lair:2)
  6 ghost crabs
  25 hydras
  13 ice dragons
  3 spriggan air magi
  14 centaur warriors
  3 catoblepae (Lair:6)
  A juggernaut simulacrum (Vaults:2)
  23 anacondas
  8 deep troll shamans
  4 death knights
  38 two-headed ogres
  32 dancing weapons
  A titan zombie (Zig:8)
  19 alligators
  A satyr (Abyss:4)
  Urug (Lair:2)
  8 death yaks
  A tengu warrior (Depths:4)
  3 hell hogs (Depths:5)
  5 orc high priests
  10 deep troll earth magi
  A death scarab (Abyss:4)
  20 ogre magi
  2 vampire magi
  12 naga sharpshooters
  6 shock serpents
  A spriggan berserker (Depths:4)
  9 thrashing horrors
  A soul eater (Depths:4)
  32 deep elf knights
  5 unseen horrors
  2 sixfirhies
  A spatial maelstrom (Abyss:4)
  6 skeletal warriors (Vaults:2)
  2 salamander mystics
  A wretched star (Abyss:6)
  6 glowing orange brains
  A deep troll (shapeshifter) (Vaults:5)
  12 starcursed masses
  8 hell knights
  26 deep trolls
  A golden dragon zombie (Zig:8)
  A gelid demonspawn (Depths:4)
  2 glowing orange brains (shapeshifter)
  An obsidian statue (Zig:7)
  5 shambling mangroves
  22 deep elf archers
  8 flayed ghosts
  3 spriggan druids
  20 swamp dragons
  11 naga ritualists
  3 unseen horrors (shapeshifter)
  4 phantasmal warriors
  Pikel (D:9)
  8 large abominations
  6 wizards
  12 ironbrand convokers
  A mana viper (shapeshifter) (Depths:2)
  4 necromancers
  18 orc knights
  83 deep elf magi
  2 stone giant zombies
  7 mana vipers
  4 harpies (Vaults:5)
  59 ugly things
  9 orc sorcerers
  4 cyclopes
  8 oklob plants
  A tengu skeleton (Vaults:2)
  2 manticores (Lair:6)
  14 elephants
  17 salamanders
  7 wolf spiders
  A cyclops (shapeshifter) (D:14)
  A fire giant skeleton (Depths:1)
  A shadow dragon skeleton (Zig:8)
  A fire giant zombie (Abyss:4)
  A rust devil (Depths:4)
  2 draconians (Abyss:5)
  2 worldbinders (Abyss:4)
  28 moths of wrath
  13 guardian serpents
  Maurice (D:8)
  A toenail golem (Abyss:2)
  11 vault sentinels
  A spiny frog (shapeshifter) (Depths:2)
  6 ice statues
  2 apocalypse crabs
  Psyche (D:9)
  28 naga magi
  2 orange demons
  A titan simulacrum (Vaults:2)
  4 smoke demons
  19 spiny frogs
  2 spriggan skeletons (Zig:8)
  A torpor snail (shapeshifter) (Depths:4)
  42 black mambas
  A gargoyle (D:14)
  3 rime drakes
  A torpor snail (Lair:6)
  3 hellwings (D:1)
  2 demonic crawlers (Abyss:4)
  2 tormentors
  9 komodo dragons
  A spriggan zombie (Zig:8)
  9 ice devils
  23 yaktaurs
  6 freezing wraiths
  A hellion (Depths:3)
  A tengu conjurer (Depths:2)
  2 anaconda simulacra (Vaults:2)
  5 ancient zymes
  An elf skeleton (Vaults:2)
  A jumping spider (shapeshifter) (Depths:5)
  A tengu simulacrum (Vaults:2)
  2 red devils (Depths:3)
  A polar bear (Lair:6)
  15 tyrant leeches
  Prince Ribbit (D:7)
  3 jumping spiders (Vaults:2)
  17 hornets
  6 boulder beetles
  19 blink frogs
  7 dream sheep (Lair:5)
  9 raiju
  13 trolls
  11 bog bodies
  A wind drake (shapeshifter) (Depths:2)
  A fire giant simulacrum (Vaults:3)
  A slime creature (shapeshifter) (Vaults:1)
  A boulder beetle (shapeshifter) (Vaults:3)
  5 hippogriffs
  An ettin zombie (Depths:1)
  38 slime creatures
  A deep troll skeleton (Depths:1)
  3 neqoxecs
  An ice dragon skeleton (Depths:1)
  47 yaks
  A redback (Lab)
  2 air elementals
  2 ynoxinuls
  7 spriggans
  A shadow (Swamp:2)
  A human (shapeshifter) (Abyss:6)
  4 vampires
  10 wraiths
  2 fire elementals
  5 hogs
  9 fire bats
  6 water elementals
  2 wyverns
  A yak (shapeshifter) (Abyss:4)
  8 hungry ghosts
  6 basilisks
  31 vampire mosquitoes
  A yaktaur simulacrum (Vaults:2)
  3 chaos spawn
  2 spatial vortices (Vaults:2)
  4 insubstantial wisps (Vaults:2)
  Menkaure (D:7)
  A human zombie (Vaults:1)
  68 nagas
  11 wargs
  17 swamp worms
  12 hell hounds
  2 acid dragons (Vaults:2)
  10 water moccasins
  A floating eye (shapeshifter) (Elf:2)
  11 porcupines
  A floating eye (Depths:3)
  3 phantoms (D:10)
  54 orc warriors
  18 swamp drakes
  A black bear (D:7)
  A hornet zombie (D:15)
  A fire dragon simulacrum (Vaults:2)
  5 ice beasts
  2 sky beasts
  An ettin simulacrum (Vaults:3)
  A centaur (shapeshifter) (Depths:5)
  14 wolves
  A snapping turtle skeleton (Abyss:4)
  A swamp dragon skeleton (Abyss:4)
  2 black mamba simulacra (Vaults:2)
  43 ogres
  6 small abominations
  18 centaurs
  7 crocodiles
  2 yaktaur zombies
  3 big kobolds
  A gnoll sergeant (D:10)
  2 wyvern zombies
  15 bullfrogs
  3 earth elementals (Elf:1)
  A glowing shapeshifter simulacrum (Vaults:2)
  A water moccasin zombie (D:7)
  2 troll zombies (D:10)
  3 scorpions
  5 wights
  An elephant simulacrum (Vaults:2)
  10 killer bees
  9 electric eels
  A vampire bat (Vaults:2)
  7 howler monkeys
  9 crimson imps
  2 draconian simulacra (IceCv)
  A quasit (D:13)
  5 hounds
  2 human simulacra
  6 centaur zombies
  2 bullfrog zombies
  An iron imp (Depths:4)
  6 jellies
  20 orc wizards
  A bullfrog skeleton (D:13)
  38 orc priests
  7 centaur skeletons
  4 iguanas
  Natasha (twice) (D:2)
  A lightning spire (Zot:1)
  24 worker ants
  2 troll simulacra (Vaults:2)
  A spriggan simulacrum (IceCv)
  12 sheep
  2 centaur simulacra (IceCv)
  4 ogre zombies (D:10)
  A hound skeleton (D:5)
  12 gnolls
  A worker ant zombie (D:11)
  11 adders
  5 naga simulacra (IceCv)
  6 shadow imps
  An ooze (D:1)
  An ufetubus (Abyss:3)
  2 adder skeletons (D:7)
  An adder zombie (D:7)
  2 worms (D:2)
  A dart slug (D:1)
  6 leopard geckos
  127 orcs
  6 spectral bats (Abyss:4)
  11 bats
  4 giant cockroaches
  11 hobgoblins
  8 jackals
  3 quokkas
  5 ball pythons
  6 bat simulacra (Abyss:4)
  8 frilled lizards
  11 goblins
  3 goblin skeletons (D:10)
  2 goblin zombies (D:10)
  2 hobgoblin skeletons (D:10)
  A jackal zombie (D:6)
  21 kobolds
  2 orc skeletons (D:10)
  10 orc zombies (D:10)
  A quokka skeleton (D:4)
  A quokka zombie (D:9)
  4 rats
  6 briar patches
  A bush (Lair:5)
  2 butterflies (Lair:6)
  7 crawling corpses
  2 fungi (Depths:2)
  10 plants
  A spectral weapon (Vaults:1)
  3 starspawn tentacles
2676 creatures vanquished.

Vanquished Creatures (collateral kills)
  A death ooze (Depths:3)
  An ice statue (Vaults:2)
  An eye of devastation (Depths:3)
  An orc wizard (D:8)
4 creatures vanquished.

Vanquished Creatures (others)
  A spriggan berserker (Swamp:4)
  2 deep elf knights (Elf:1)
  2 wizards
  2 deep elf magi
  A salamander (Depths:3)
  2 moths of wrath (Zot:5)
  A tyrant leech (Swamp:4)
  A warg (Vaults:3)
  An ogre (Vaults:4)
  An orc wizard (Vaults:3)
  An adder (D:9)
  A gnoll (D:10)
  2 orcs
  2 briar patches (Abyss:4)
  9 fungi
  13 plants
  116 spectral weapons
  9 starspawn tentacles
167 creatures vanquished.

Grand Total: 2847 creatures vanquished

Notes
Turn   | Place    | Note
-------+----------+-------------------------------------------
     0 | D:1      | thesequoiad the Demonspawn Archaeologist began the quest for the Orb.
     0 | D:1      | Reached XP level 1. HP: 18/18 MP: 1/1
   135 | D:1      | Reached skill level 1 in Stealth
   536 | D:1      | Reached skill level 1 in Evocations
   536 | D:1      | Gained mutation: You have large cloven feet. [demonic ancestry]
   536 | D:1      | Reached XP level 2. HP: 12/24 MP: 1/2
  1059 | D:1      | Gained mutation: Your body sometimes deteriorates upon taking damage. [mutagenic meat]
  1127 | D:1      | Gained mutation: You have hoof-like feet. [demonic ancestry]
  1127 | D:1      | Reached XP level 3. HP: 26/29 MP: 3/4
  1282 | D:2      | Noticed Robin
  1367 | D:2      | Lost mutation: Your body sometimes deteriorates upon taking damage. [mutagenic meat]
  1481 | D:2      | Reached skill level 1 in Spellcasting
  1636 | D:2      | Gained mutation: You have supernaturally acute eyesight. (SInv) [mutagenic meat]
  1790 | D:2      | Noticed Natasha
  1833 | D:2      | Killed Natasha
  1833 | D:2      | Gained mutation: When hurt, damage is shared between your health and your magic reserves. [demonic ancestry]
  1833 | D:2      | Reached XP level 4. HP: 21/37 MP: 5/6
  1941 | D:2      | Gained mutation: You are robust. (+10% HP) [mutagenic meat]
  2178 | D:2      | Noticed Natasha
  2188 | D:2      | Killed Natasha
  2232 | D:2      | Found a sacrificial altar of Ru.
  2236 | D:2      | Found a snail-covered altar of Cheibriados.
  2236 | D:2      | Found a basalt altar of Yredelemnul.
  2236 | D:2      | Found a glowing golden altar of the Shining One.
  2241 | D:2      | Found a shadowy altar of Dithmenos.
  2261 | D:2      | Gained mutation: You have a pair of small antennae on your head. [mutagenic meat]
  2536 | D:3      | Reached XP level 5. HP: 46/46 MP: 9/9
  2578 | D:3      | Gained mutation: You are resistant to hostile enchantments. (MR+) [mutagenic meat]
  2856 | D:3      | Lost mutation: You are resistant to hostile enchantments. (MR+) [mutagenic meat]
  3177 | D:3      | Gained mutation: Your mind is acute. (Int +2) [mutagenic meat]
  3292 | D:3      | Reached skill level 1 in Shields
  3464 | D:3      | Gained mutation: You are clumsy. (Dex -2) [mutagenic meat]
  3561 | D:3      | Gained mutation: You are immune to rotting. [demonic ancestry]
  3561 | D:3      | Reached XP level 6. HP: 46/53 MP: 10/11
  3898 | D:4      | Found a staircase to the Ecumenical Temple.
  3909 | D:3      | Lost mutation: You have supernaturally acute eyesight. (SInv) [mutagenic meat]
  4107 | D:4      | Reached skill level 2 in Shields
  4122 | Temple   | Entered the Ecumenical Temple
  4216 | Temple   | Became a worshipper of Warmaster Okawaru
  4492 | D:4      | Found a shattered altar of Ashenzari.
  4601 | D:5      | Entered Level 5 of the Dungeon
  4785 | D:5      | Gained mutation: You tend to lose your temper in combat. [mutagenic meat]
  4859 | D:5      | Found a transporter.
  4875 | D:5      | Found a transporter.
  4892 | D:5      | Got a smoking chain mail
  4904 | D:5      | Identified the +0 chain mail of the Volcano {rPois Int+2} (You found it on level 5 of the Dungeon)
  4989 | D:5      | Gained mutation: You are partially covered in iridescent scales. (AC +2) [demonic ancestry]
  4989 | D:5      | Reached XP level 7. HP: 49/60 MP: 11/13
  5009 | D:5      | Found Ronuekuc's Magic Scroll Emporium.
  5022 | D:5      | Reached skill level 3 in Shields
  5046 | D:5      | Reached * piety under Okawaru
  5046 | D:5      | Reached skill level 5 in Fighting
  5069 | D:5      | Gained mutation: Your spells are a little easier to cast, but a little less powerful. [mutagenic meat]
  5125 | D:5      | Bought a scroll of remove curse for 45 gold pieces
  5125 | D:5      | Bought a scroll of identify for 30 gold pieces
  5125 | D:5      | Bought a scroll of identify for 30 gold pieces
  5127 | D:5      | Bought a scroll of teleportation for 45 gold pieces
  5127 | D:5      | Bought a scroll of fear for 52 gold pieces
  5318 | D:5      | Gained mutation: You have hooves in place of feet. [mutagenic meat]
  5574 | D:6      | Reached skill level 5 in Spellcasting
  5747 | D:6      | Reached skill level 4 in Shields
  5898 | D:6      | Gained mutation: You are somewhat resistant to further mutation. [mutagenic meat]
  5900 | D:6      | Gained mutation: You are mostly covered in iridescent scales. (AC +4) [mutagenic meat]
  5901 | D:6      | Lost mutation: You are somewhat resistant to further mutation. [mutagenic meat]
  5901 | D:6      | Gained mutation: You do not regenerate when monsters are visible. [mutagenic meat]
  5902 | D:6      | Lost mutation: Your spells are a little easier to cast, but a little less powerful. [mutagenic meat]
  5902 | D:6      | Lost mutation: You have hooves in place of feet. [mutagenic meat]
  5903 | D:6      | Lost mutation: You tend to lose your temper in combat. [mutagenic meat]
  5972 | D:6      | Gained mutation: You have hooves in place of feet. [demonic ancestry]
  5972 | D:6      | Reached XP level 8. HP: 59/69 MP: 14/16
  5994 | D:6      | Got a crude short sword
  5995 | D:6      | Identified the cursed +1 short sword of Kokihik {elec, rF+ Int+3} (You found it on level 6 of the Dungeon)
  6281 | D:7      | Lost mutation: You are robust. (+10% HP) [mutagenic meat]
  6432 | D:7      | Noticed Prince Ribbit
  6447 | D:7      | Killed Prince Ribbit
  6447 | D:7      | Reached ** piety under Okawaru
  6447 | D:7      | Reached skill level 5 in Evocations
  6501 | D:7      | Reached skill level 1 in Invocations
  6588 | D:7      | Lost mutation: You do not regenerate when monsters are visible. [mutagenic meat]
  7006 | D:7      | Noticed Menkaure
  7020 | D:7      | Found a viscous altar of Jiyva.
  7256 | D:6      | Gained mutation: Your flesh is heat resistant. (rF+) [mutagenic meat]
  7401 | D:7      | Killed Menkaure
  7401 | D:7      | Reached XP level 9. HP: 71/71 MP: 19/19
  7875 | D:7      | Found a deep blue altar of Sif Muna.
  7909 | D:8      | Learned a level 5 spell: Borgnjor's Vile Clutch
  7926 | D:8      | Found Juigeupn's Distillery.
  7930 | D:8      | Bought a potion of heal wounds for 80 gold pieces
  7930 | D:8      | Bought a potion of lignification for 48 gold pieces
  8070 | D:8      | Reached *** piety under Okawaru
  8080 | D:8      | Reached skill level 1 in Necromancy
  8192 | D:8      | Reached skill level 1 in Earth Magic
  8192 | D:8      | Reached skill level 5 in Invocations
  8208 | D:8      | Noticed Maurice
  8227 | D:8      | Killed Maurice
  8233 | D:8      | Learned a level 1 spell: Animate Skeleton
  8291 | D:8      | Gained mutation: Your natural rate of healing is unusually fast. [mutagenic meat]
  8580 | D:8      | Gained mutation: You expend magic power (3 MP) to strengthen your wands. [mutagenic meat]
  8702 | D:8      | Noticed a two-headed ogre
  8724 | D:8      | Killed a two-headed ogre
  8724 | D:8      | Reached **** piety under Okawaru
  8724 | D:8      | Gained mutation: You regenerate magic rapidly. [demonic ancestry]
  8724 | D:8      | Reached XP level 10. HP: 38/80 MP: 10/21
  8905 | D:8      | Learned a level 3 spell: Regeneration
  9011 | D:9      | Noticed a two-headed ogre
  9023 | D:9      | Killed a two-headed ogre
  9023 | D:9      | Reached skill level 5 in Necromancy
  9158 | D:9      | Reached ***** piety under Okawaru
  9158 | D:9      | Reached skill level 1 in Charms
  9181 | D:9      | Reached skill level 5 in Earth Magic
  9201 | D:9      | Received a gift from Okawaru
  9334 | D:9      | Noticed Pikel
  9351 | D:9      | Killed Pikel
  9501 | D:9      | Noticed Erolcha
  9511 | D:9      | Killed Erolcha
  9511 | D:9      | Reached XP level 11. HP: 87/87 MP: 18/23
  9558 | D:9      | Got a twisted hand axe
  9559 | D:9      | Identified the +11 hand axe of Peenit {speed, rElec SInv} (You found it on level 9 of the Dungeon)
  9781 | D:9      | Gained mutation: You are frail. (-10% HP) [mutagenic meat]
  9816 | D:9      | Gained mutation: Your body sometimes deteriorates upon taking damage. [mutagenic meat]
  9883 | D:10     | Entered Level 10 of the Dungeon
  9922 | D:10     | Noticed Josephine
  9977 | D:10     | Reached skill level 1 in Axes
  9990 | D:10     | Noticed Psyche
 10011 | D:9      | Killed Psyche
 10146 | D:10     | Noticed a two-headed ogre
 10158 | D:10     | Killed a two-headed ogre
 10173 | D:10     | Found a staircase to the Orcish Mines.
 10394 | D:10     | Found a staircase to the Lair.
 10418 | D:10     | Received a gift from Okawaru
 10505 | D:10     | Killed Josephine
 10892 | D:10     | Gained mutation: Armour fits poorly on your strangely shaped body. [mutagenic meat]
 11177 | D:11     | Noticed an unseen horror
 11193 | D:11     | Killed an unseen horror
 11357 | D:11     | Got a fabulously ornate robe
 11375 | D:11     | Received a gift from Okawaru
 11404 | D:11     | Mutation became permanent: You are partially covered in iridescent scales. (AC +2) [demonic ancestry]
 11404 | D:11     | Gained mutation: You are mostly covered in iridescent scales. (AC +4) [demonic ancestry]
 11404 | D:11     | Reached XP level 12. HP: 82/86 MP: 24/25
 11920 | Lair:1   | Entered Level 1 of the Lair of Beasts
 11970 | Lair:1   | Reached ****** piety under Okawaru
 12339 | Lair:1   | You fall through a shaft!
 12377 | Lair:2   | Found a staircase to the Swamp.
 12382 | Lair:2   | Found a labyrinth entrance.
 12411 | Lab      | Entered a labyrinth
 12448 | Lab      | Found an exit through the horrors of the Abyss.
 12496 | Lab      | Lost mutation: You are clumsy. (Dex -2) [mutagenic meat]
 12523 | Lab      | Noticed a minotaur
 12533 | Lab      | Killed a minotaur
 12533 | Lab      | Reached skill level 10 in Fighting
 12535 | Lab      | Identified the Incunabulum of Aid
 12538 | Lab      | Identified Haonawn's Disquisition on Malediction
 12598 | Lair:2   | Noticed Urug
 12623 | Lair:2   | Killed Urug
 12623 | Lair:2   | Reached skill level 10 in Spellcasting
 12821 | Lair:1   | Noticed a six-headed hydra
 12824 | Lair:1   | Killed a six-headed hydra
 12837 | Lair:1   | Received a gift from Okawaru
 12837 | Lair:1   | Reached skill level 5 in Axes
 12949 | Lair:1   | Noticed a seven-headed hydra
 12958 | Lair:1   | Killed a seven-headed hydra
 13166 | Lair:2   | Noticed Tbird's ghost (journeyman OgRe)
 13224 | Lair:2   | Killed Tbird's ghost
 13232 | Lair:2   | Learned a level 6 spell: Deflect Missiles
 13508 | Lair:2   | Noticed Tbird's ghost (journeyman FDEE)
 13516 | Lair:2   | Killed Tbird's ghost
 13516 | Lair:2   | Reached skill level 1 in Air Magic
 13935 | Lair:2   | Received a gift from Okawaru
 13966 | Lair:2   | Lost mutation: Your mind is acute. (Int +2) [potion of mutation]
 13966 | Lair:2   | Lost mutation: You expend magic power (3 MP) to strengthen your wands. [potion of mutation]
 13966 | Lair:2   | Gained mutation: Your muscles are strong. (Str +2) [potion of mutation]
 13966 | Lair:2   | Gained mutation: Your muscles are very strong. (Str +4) [potion of mutation]
 13966 | Lair:2   | Gained mutation: Your spells are a little harder to cast, but a little more powerful. [potion of mutation]
 13966 | Lair:2   | Gained mutation: You expend magic power (3 MP) to strengthen your wands. [potion of mutation]
 14217 | Lair:3   | Found a staircase to the Snake Pit.
 14237 | Lair:3   | Lost mutation: Your muscles are very strong. (Str +4) [mutagenic meat]
 14372 | Lair:3   | Gained mutation: Your flesh is cold resistant. (rC+) [demonic ancestry]
 14372 | Lair:3   | Reached XP level 13. HP: 83/94 MP: 16/27
 14730 | Lair:3   | Lost mutation: You have a pair of small antennae on your head. [mutagenic meat]
 14988 | Lair:4   | Found a frozen archway.
 14997 | IceCv    | Entered an ice cave
 15044 | IceCv    | Gained mutation: You have a pair of small horns on your head. [mutagenic meat]
 15276 | IceCv    | Received a gift from Okawaru
 15293 | IceCv    | Got a heavily runed large shield {god gift}
 15294 | IceCv    | Identified the -8 large shield of the Arcane {+Inv SInv} (Okawaru gifted it to you in an ice cave)
 15514 | IceCv    | Lost mutation: Your flesh is heat resistant. (rF+) [potion of mutation]
 15514 | IceCv    | Lost mutation: Your body sometimes deteriorates upon taking damage. [potion of mutation]
 15514 | IceCv    | Gained mutation: You have an increased reservoir of magic. (+10% MP) [potion of mutation]
 15514 | IceCv    | Gained mutation: Your mind is acute. (Int +2) [potion of mutation]
 15706 | Lair:4   | Noticed Snorg
 15715 | Lair:4   | Killed Snorg
 15729 | Lair:4   | Lost mutation: You have an increased reservoir of magic. (+10% MP) [mutagenic meat]
 15889 | Lair:4   | Lost mutation: You are frail. (-10% HP) [mutagenic meat]
 16207 | Lair:4   | Reached skill level 5 in Charms
 16420 | Lair:4   | Gained mutation: Your mind is very acute. (Int +4) [mutagenic meat]
 16539 | Lair:4   | Lost mutation: Armour fits poorly on your strangely shaped body. [potion of mutation]
 16539 | Lair:4   | Lost mutation: Your spells are a little harder to cast, but a little more powerful. [potion of mutation]
 16539 | Lair:4   | Gained mutation: You have a pair of horns on your head. [potion of mutation]
 16595 | Lair:3   | Lost mutation: You have a pair of horns on your head. [potion of mutation]
 16595 | Lair:3   | Lost mutation: Your mind is very acute. (Int +4) [potion of mutation]
 16595 | Lair:3   | Lost mutation: Your natural rate of healing is unusually fast. [potion of mutation]
 16595 | Lair:3   | Lost mutation: You have a pair of small horns on your head. [potion of mutation]
 16595 | Lair:3   | Gained mutation: Your flesh is heat resistant. (rF+) [potion of mutation]
 16595 | Lair:3   | Gained mutation: You are somewhat resistant to further mutation. [potion of mutation]
 16888 | Lair:5   | Lost mutation: Your muscles are strong. (Str +2) [mutagenic meat]
 17279 | Lair:5   | Reached skill level 5 in Air Magic
 17286 | Lair:5   | Received a gift from Okawaru
 17397 | Lair:5   | Reached XP level 14. HP: 114/114 MP: 24/29
 17851 | Lair:6   | Entered Level 6 of the Lair of Beasts
 17895 | Lair:5   | Gained mutation: You have an increased reservoir of magic. (+10% MP) [mutagenic meat]
 18216 | Lair:6   | Found a staircase to the Slime Pits.
 18458 | Lair:6   | Received a gift from Okawaru
 18632 | Lair:6   | Learned a level 1 spell: Chill Thread
 18877 | Lair:6   | Gained mutation: You are clumsy. (Dex -2) [mutagenic meat]
 18989 | Lair:6   | Gained mutation: Scrolls take you a little longer to read. [mutagenic meat]
 19351 | Lair:6   | Lost mutation: Your mind is acute. (Int +2) [mutagenic meat]
 19398 | Lair:6   | Identified the ring "Ehiunn" {+Fly SInv} (You found it on level 6 of the Lair of Beasts)
 19586 | Lair:5   | Gained mutation: You are somewhat resistant to both further mutation and mutation removal. [mutagenic meat]
 20465 | D:13     | Found Naymakh's Magic Scroll Emporium.
 20473 | D:13     | Bought a scroll of acquirement for 780 gold pieces
 20475 | D:13     | Got a brightly glowing brass amulet
 20476 | D:13     | Bought a scroll of identify for 30 gold pieces
 20478 | D:13     | Identified the amulet "Lakk" {Faith *Contam rElec MR+ SInv} (You acquired it on level 13 of the Dungeon)
 20501 | D:13     | Learned a level 2 spell: Repel Missiles
 20773 | D:13     | Received a gift from Okawaru
 20776 | D:13     | Got a pitted great sword {god gift}
 20912 | D:13     | Found a gate to the Vaults.
 20922 | D:13     | Reached skill level 5 in Shields
 21128 | D:13     | Reached XP level 15. HP: 122/122 MP: 11/34
 21660 | D:14     | Gained mutation: Your mind is acute. (Int +2) [mutagenic meat]
 21848 | D:14     | Received a gift from Okawaru
 22105 | D:15     | Entered Level 15 of the Dungeon
 22269 | D:15     | Reached skill level 6 in Shields
 22614 | D:15     | Reached skill level 10 in Axes
 22637 | D:15     | Gained mutation: Your muscles are strong. (Str +2) [mutagenic meat]
 22647 | D:15     | Gained mutation: You are resistant to hostile enchantments. (MR+) [mutagenic meat]
 22647 | D:15     | Gained mutation: Your body sometimes deteriorates upon taking damage. [mutagenic meat]
 22680 | D:15     | Received a gift from Okawaru
 22685 | D:15     | Got a pair of polished gloves {god gift}
 22688 | D:15     | Identified the +0 pair of gloves of Exclusion {rF+ rCorr} (Okawaru gifted it to you on level 15 of the Dungeon)
 22773 | D:15     | Noticed Kirke
 22869 | D:15     | Killed Kirke
 22869 | D:15     | Reached skill level 7 in Shields
 23108 | D:15     | Found a staircase to the Depths.
 23310 | Orc:1    | Entered Level 1 of the Orcish Mines
 23326 | Orc:1    | Found a roughly hewn altar of Beogh.
 23934 | Orc:2    | Entered Level 2 of the Orcish Mines
 24017 | Orc:2    | Gained mutation: Your flesh is very cold resistant. (rC++) [mutagenic meat]
 24281 | Orc:2    | Found a roughly hewn altar of Beogh.
 24366 | Orc:2    | Found Arifasaxt's Assorted Antiques.
 24387 | Orc:2    | Found Wier's Book Shop.
 24627 | Orc:2    | Gained mutation: You are almost entirely resistant to further mutation and mutation removal. [mutagenic meat]
 24714 | Orc:2    | Found a staircase to the Elven Halls.
 24909 | Orc:2    | Noticed thesequoiad's ghost (adept AbAc)
 24927 | Orc:2    | Noticed an orc warlord
 24987 | Orc:2    | Killed thesequoiad's ghost
 25065 | Orc:2    | Killed an orc warlord
 25070 | Orc:2    | Reached skill level 8 in Shields
 25112 | Orc:2    | Found Vitzimeh's Weapon Emporium.
 25125 | Orc:2    | Received a gift from Okawaru
 25125 | Orc:2    | Reached XP level 16. HP: 119/129 MP: 24/35
 25256 | Orc:2    | Found Fasijafe's Gadget Boutique.
 25335 | Orc:2    | Found a roughly hewn altar of Beogh.
 25914 | Orc:2    | Bought a scroll of identify for 38 gold pieces
 25914 | Orc:2    | Bought a scroll of identify for 38 gold pieces
 26179 | Elf:1    | Entered Level 1 of the Elven Halls
 26488 | Elf:1    | Noticed a Hell Sentinel
 26519 | Elf:1    | Got a pair of translucent gloves
 26525 | Elf:1    | Identified the +1 pair of gloves of Beogh's Supremacy {Dex+2} (You found it on level 1 of the Elven Halls)
 26596 | Elf:1    | Received a gift from Okawaru
 26626 | Elf:1    | Reached skill level 9 in Shields
 26722 | Elf:1    | Found Movehore's Antique Armour Emporium.
 27028 | Elf:1    | You fall through a shaft!
 27226 | Elf:2    | Found a runed gate.
 27226 | Elf:2    | Found a runed gate.
 27233 | Elf:2    | Received a gift from Okawaru
 27234 | Elf:2    | Reached skill level 10 in Shields
 27285 | Elf:2    | Got a pair of faintly humming gloves {god gift}
 27296 | Elf:2    | Identified the +2 pair of gloves of Otatason {Dex+6} (Okawaru gifted it to you on level 2 of the Elven Halls)
 27403 | Elf:2    | Found a runed gate.
 28020 | Elf:2    | Reached XP level 17. HP: 135/135 MP: 10/36
 28022 | Elf:2    | Reached skill level 11 in Shields
 28134 | Elf:2    | Found Lurymid's Gadget Boutique.
 28136 | Elf:2    | Found Qefusk's Jewellery Emporium.
 28141 | Elf:2    | Found Bodif's Gadget Boutique.
 28621 | Elf:2    | Reached skill level 12 in Shields
 28626 | Elf:2    | Received a gift from Okawaru
 28766 | Elf:2    | Noticed a deep elf blademaster
 28779 | Elf:2    | Killed a deep elf blademaster
 29334 | Elf:3    | Entered Level 3 of the Elven Halls
 29585 | Elf:3    | Reached skill level 13 in Shields
 29676 | Elf:3    | Received a gift from Okawaru
 29679 | Elf:3    | Got a smoking broad axe {god gift}
 29680 | Elf:3    | Identified the +1 broad axe "Ox" {freeze, MP+9 Dex+4 Stlth+} (Okawaru gifted it to you on level 3 of the Elven Halls)
 29927 | Elf:3    | Noticed a deep elf blademaster
 29935 | Elf:3    | Killed a deep elf blademaster
 29940 | Elf:3    | Received a gift from Okawaru
 30139 | Elf:3    | Noticed Bai Suzhen
 30275 | Elf:3    | Identified the cursed +0 dagger of the End {pierce, rF+ MR++ Dex-2}
 30395 | Elf:3    | Noticed a deep elf master archer
 30403 | Elf:3    | Killed a deep elf master archer
 30534 | Elf:3    | Gained mutation: You are completely covered in iridescent scales. (AC +6) [demonic ancestry]
 30534 | Elf:3    | Reached XP level 18. HP: 61/145 MP: 3/37
 30804 | Elf:3    | Noticed a Tzitzimitl
 30813 | Elf:3    | Killed Bai Suzhen
 30813 | Elf:3    | Reached skill level 14 in Shields
 30822 | Elf:3    | Received a gift from Okawaru
 30832 | Elf:3    | Noticed an Ice Fiend
 30958 | Elf:3    | Identified the +1 chain mail of Wenoro {Str+2 Stlth+} (Okawaru gifted it to you on level 3 of the Elven Halls)
 31021 | Elf:3    | Identified the ring of Deoriurr {rN+ Int+3 Slay+2}
 31023 | Elf:3    | Identified the ring of Archear {rPois rC+ MR+ SInv Stlth-}
 31149 | Elf:3    | Identified Qejot's Papyrus of Nocuous Calling
 31154 | Elf:3    | Identified the Incunabulum of Frigorific Feathers
 31172 | Elf:3    | Identified the +4 hand axe "Demon's Undoing" {drain, rC++} (You found it on level 3 of the Elven Halls)
 31187 | Elf:3    | Identified the +6 dagger of Jedouzof {pierce, *Noise MR+ Str+4}
 31243 | Elf:3    | Identified Tisum's Disquisition on Execration
 31497 | Snake:1  | Entered Level 1 of the Snake Pit
 31777 | Snake:1  | Learned a level 6 spell: Freezing Cloud
 31784 | Snake:1  | Learned a level 6 spell: Ozocubu's Refrigeration
 31926 | Snake:1  | Reached skill level 1 in Ice Magic
 32985 | Snake:2  | Found Kaduuguf's Jewellery Shop.
 32987 | Snake:2  | Found Caes's Book Boutique.
 32987 | Snake:2  | Found Tihyfaunt's Armour Shop.
 32999 | Snake:2  | Found Qugg's Weapon Boutique.
 33074 | Snake:2  | Received a gift from Okawaru
 33286 | Snake:2  | Reached skill level 1 in Conjurations
 33300 | Snake:2  | Reached skill level 15 in Shields
 34443 | Snake:3  | Reached skill level 15 in Fighting
 34535 | Snake:3  | Received a gift from Okawaru
 34870 | Snake:3  | Reached skill level 5 in Ice Magic
 34936 | Snake:3  | Gained mutation: You may emit foul miasma when damaged in melee. [demonic ancestry]
 34936 | Snake:3  | Reached XP level 19. HP: 155/155 MP: 36/38
 35441 | Snake:4  | Entered Level 4 of the Snake Pit
 35482 | Snake:4  | Received a gift from Okawaru
 35524 | Snake:4  | Reached skill level 5 in Conjurations
 35762 | Snake:4  | Learned a level 3 spell: Spectral Weapon
 35839 | Snake:4  | Noticed Aizul
 35854 | Snake:4  | Killed Aizul
 36620 | Snake:4  | Received a gift from Okawaru
 36793 | Snake:4  | Got a serpentine rune of Zot
 37010 | Swamp:1  | Entered Level 1 of the Swamp
 37215 | Swamp:1  | Found an opulent altar of Gozag.
 37532 | Swamp:1  | Got a faintly glowing hand crossbow
 37579 | Swamp:1  | Received a gift from Okawaru
 37582 | Swamp:1  | Got a bronze ring mail {god gift}
 38161 | Swamp:2  | Reached skill level 16 in Shields
 38438 | Swamp:2  | Identified the +4 ring mail "Pumusmit" {rF+ Int+2 Stlth+} (Okawaru gifted it to you on level 1 of the Swamp)
 38827 | Swamp:3  | Noticed Louise
 38842 | Swamp:3  | Killed Louise
 38879 | Swamp:3  | Reached XP level 20. HP: 146/162 MP: 16/39
 39267 | Swamp:3  | Noticed Jorgrun
 39291 | Swamp:3  | Killed Jorgrun
 39412 | Swamp:3  | Reached skill level 10 in Ice Magic
 39742 | Swamp:4  | Entered Level 4 of the Swamp
 39807 | Swamp:4  | Received a gift from Okawaru
 39813 | Swamp:4  | Identified the +4 chain mail "Sunimog" {+Inv rElec rF+} (Okawaru gifted it to you on level 4 of the Swamp)
 40033 | Swamp:4  | Noticed Nikola
 40054 | Swamp:4  | Killed Nikola
 41239 | Swamp:4  | Got a decaying rune of Zot
 41718 | D:5      | Bought 2 scrolls of acquirement for 1560 gold pieces
 41725 | D:5      | Found the necklace of Bloodlust {*Rage +Rage MR++ Int-3 Slay+6 *Curse}
 41885 | Vaults:1 | Entered Level 1 of the Vaults
 42063 | Vaults:1 | Identified Uni Eck's Almanac of the Burning Frostbite
 42347 | Vaults:1 | Received a gift from Okawaru
 42349 | Vaults:1 | Reached skill level 15 in Axes
 42566 | Vaults:1 | Found Miputs's Book Boutique.
 42637 | Vaults:1 | Found a portal to a secret trove of treasure.
 42653 | Vaults:1 | Found Muche's Antique Weapon Shop.
 43165 | Vaults:1 | Found Gick's Weapon Boutique.
 43331 | Vaults:2 | Identified the +4 shield "Ahaematos" {rElec rPois}
 43331 | Vaults:2 | Noticed Donald
 43335 | Vaults:2 | Killed Donald
 43451 | Vaults:2 | Received a gift from Okawaru
 43451 | Vaults:2 | Gained mutation: You are immune to freezing clouds. [demonic ancestry]
 43451 | Vaults:2 | Reached XP level 21. HP: 81/168 MP: 11/40
 43772 | Vaults:2 | Identified the ring "Muat" {rElec Int+2 Dex+2 SInv Stlth-}
 44028 | Vaults:2 | Reached skill level 17 in Shields
 44102 | Vaults:2 | Received a gift from Okawaru
 44146 | Vaults:2 | Identified the Disquisition on Transmutation
 44420 | Vaults:2 | Found a staircase to the Crypt.
 44420 | Vaults:2 | Found a basalt altar of Yredelemnul.
 44421 | Vaults:2 | Found an ancient bone altar of Kikubaaqudgha.
 44495 | Vaults:2 | Found Ruimp's Antique Armour Boutique.
 44509 | Vaults:2 | Bought a pair of smoking gloves for 342 gold pieces
 44523 | Vaults:2 | Identified the +1 pair of gloves "Bagejaed" {rPois} (You bought it in a shop on level 2 of the Vaults)
 44694 | Vaults:2 | Identified the Volume of the Compass
 44699 | Vaults:2 | Learned a level 2 spell: Blink
 44777 | Vaults:2 | Identified the Incunabulum of the Glacier
 45077 | Vaults:2 | Identified the Compendium of Evil
 45494 | Vaults:3 | Received a gift from Okawaru
 45503 | Vaults:3 | Got a translucent broad axe {god gift}
 45504 | Vaults:3 | Identified the +6 broad axe of Internal Strife {pain, *Drain rPois rF+} (Okawaru gifted it to you on level 3 of the Vaults)
 45586 | Vaults:3 | Noticed Boris
 45597 | Vaults:3 | Killed Boris
 46015 | Vaults:3 | Reached XP level 22. HP: 175/175 MP: 29/42
 46255 | Vaults:4 | Received a gift from Okawaru
 46460 | Vaults:4 | Reached skill level 18 in Shields
 46701 | Vaults:4 | Identified the +9 great mace of the Spider Nest {crush, rElec Dex+2}
 46735 | Vaults:4 | Received a gift from Okawaru
 46890 | Vaults:4 | Found Puoseops's Book Emporium.
 47494 | Depths:1 | Entered Level 1 of the Depths
 47512 | Depths:1 | Received a gift from Okawaru
 47809 | Vaults:4 | Bought a book of the Tempests for 1330 gold pieces
 48033 | Depths:1 | Reached skill level 19 in Shields
 48193 | Depths:1 | Found Qenaleynn's Armour Emporium.
 48330 | Depths:1 | Found a gateway to Hell.
 48586 | Depths:2 | Noticed a caustic shrike
 48586 | Depths:2 | Noticed a caustic shrike
 48588 | Depths:2 | Noticed a caustic shrike
 48592 | Depths:2 | Killed a caustic shrike
 48597 | Depths:2 | Killed a caustic shrike
 48604 | Depths:2 | Killed a caustic shrike
 48722 | Depths:2 | Received a gift from Okawaru
 48730 | Depths:2 | Reached skill level 20 in Shields
 48873 | Depths:2 | Gained mutation: You frequently emit foul miasma when damaged in melee. [demonic ancestry]
 48873 | Depths:2 | Reached XP level 23. HP: 181/181 MP: 33/43
 49092 | Depths:2 | Found a shattered altar of Ashenzari.
 49093 | Depths:2 | Found a radiant altar of Vehumet.
 49093 | Depths:2 | Found a sparkling altar of Nemelex Xobeh.
 49249 | Depths:2 | Received a gift from Okawaru
 49252 | Depths:2 | Got a translucent broad axe {god gift}
 49727 | Depths:2 | Reached skill level 21 in Shields
 49732 | Depths:2 | Received a gift from Okawaru
 49741 | Depths:2 | Got a faintly glowing shield {god gift}
 49996 | Depths:2 | Identified the +0 shield of the Unbroken {MR++ Int+4 Slay-5} (Okawaru gifted it to you on level 2 of the Depths)
 50176 | Depths:3 | Found a one-way gate leading to the halls of Pandemonium.
 50319 | Depths:3 | Found a viscous altar of Jiyva.
 50408 | Depths:3 | Noticed a juggernaut
 50434 | Depths:3 | Killed a juggernaut
 50538 | Depths:3 | Found a transporter.
 50637 | Depths:3 | Noticed omini's ghost (veteran DsGl)
 50691 | Depths:3 | Killed omini's ghost
 51362 | Depths:4 | Received a gift from Okawaru
 51422 | Depths:4 | Gained mutation: When low on magic, you restore magic in place of health. [demonic ancestry]
 51422 | Depths:4 | Reached XP level 24. HP: 73/188 MP: 14/45
 51751 | Depths:4 | Reached skill level 22 in Shields
 51911 | Depths:4 | Found a one-way gate to the infinite horrors of the Abyss.
 52045 | Depths:4 | Found a gateway to a ziggurat.
 52463 | Depths:5 | Entered Level 5 of the Depths
 52506 | Depths:5 | Noticed a juggernaut
 52516 | Depths:5 | Killed a juggernaut
 52516 | Depths:5 | Received a gift from Okawaru
 52671 | Depths:5 | Found Poero's Weapon Emporium.
 53187 | Depths:5 | Found a gate to the Realm of Zot.
 53190 | Depths:5 | Received a gift from Okawaru
 53206 | Depths:5 | Reached skill level 15 in Spellcasting
 53786 | Depths:4 | Voluntarily entered the Abyss.
 53789 | Abyss:1  | Found a corrupted altar of Lugonu.
 53830 | Abyss:2  | Found a corrupted altar of Lugonu.
 54094 | Abyss:4  | Reached skill level 23 in Shields
 54519 | Abyss:5  | Found a transporter.
 54568 | Abyss:5  | Reached XP level 25. HP: 184/194 MP: 36/46
 54571 | Abyss:5  | Noticed an ancient lich
 54573 | Abyss:5  | Found a transporter.
 54581 | Abyss:5  | Killed an ancient lich
 54586 | Abyss:5  | Found a transporter.
 54587 | Abyss:5  | Got an abyssal rune of Zot
 54617 | Abyss:5  | Received a gift from Okawaru
 54626 | Abyss:5  | Got a crude broad axe {god gift}
 54735 | Abyss:6  | Got a spiked cloak
 54758 | Abyss:6  | Reached skill level 24 in Shields
 54762 | Depths:4 | Escaped the Abyss
 54880 | Zig:1    | Entered Level 1 of a ziggurat
 54897 | Zig:2    | Entered Level 2 of a ziggurat
 54922 | Zig:3    | Entered Level 3 of a ziggurat
 54956 | Zig:4    | Entered Level 4 of a ziggurat
 55030 | Zig:4    | Identified the +2 cloak of the Everdark {+Blink} (You found it on level 6 of the Abyss)
 55041 | Zig:5    | Entered Level 5 of a ziggurat
 55090 | Zig:6    | Entered Level 6 of a ziggurat
 55109 | Zig:7    | Entered Level 7 of a ziggurat
 55251 | Zig:7    | Received a gift from Okawaru
 55459 | Zig:8    | Entered Level 8 of a ziggurat
 55465 | Zig:8    | Found the +7 great mace "Undeadhunter" {disrupt, rN+}
 55624 | Zig:8    | Got a heavily runed lapis lazuli ring
 55648 | Zig:8    | Identified the ring "Esufit" {rF+ MP+9 Str-2 Dex+2} (You found it on level 8 of a ziggurat)
 55653 | Zig:8    | Got a pitted turquoise ring
 55655 | Zig:8    | Identified the ring "Naogeloj" {rF+ SInv} (You found it on level 8 of a ziggurat)
 55662 | Zig:8    | Reached XP level 26. HP: 201/201 MP: 41/46
 56057 | Vaults:4 | Learned a level 9 spell: Shatter
 56112 | Vaults:5 | Entered Level 5 of the Vaults
 56118 | Vaults:5 | Received a gift from Okawaru
 56181 | Vaults:5 | Reached skill level 10 in Earth Magic
 56435 | Vaults:5 | Reached skill level 25 in Shields
 56442 | Vaults:5 | Noticed an ancient lich
 56451 | Vaults:5 | Killed an ancient lich
 56575 | Vaults:5 | Identified the +6 scimitar of the Magi {drain, MP+9 Stlth+}
 56739 | Vaults:5 | Received a gift from Okawaru
 56756 | Vaults:5 | Gained mutation: A frigid envelope surrounds you and freezes all who hurt you. [demonic ancestry]
 56756 | Vaults:5 | Reached XP level 27. HP: 194/207 MP: 46/46
 57065 | Vaults:5 | Noticed an ancient lich
 57076 | Vaults:5 | Killed an ancient lich
 57147 | Vaults:5 | Received a gift from Okawaru
 57269 | Vaults:5 | Noticed an ancient lich
 57275 | Vaults:5 | Killed an ancient lich
 57379 | Vaults:5 | Found Puzapif's Distillery.
 57415 | Vaults:5 | Found Qireer's Magic Scroll Emporium.
 57420 | Vaults:5 | Bought a scroll of identify for 42 gold pieces
 57420 | Vaults:5 | Bought a scroll of identify for 42 gold pieces
 57425 | Vaults:5 | Identified the ring "Eddy" {rF+ rC+ Str+3 Int-4 Dex+2}
 57581 | Vaults:5 | Identified the Guide on Creative Ignition
 57708 | Vaults:5 | Got a silver rune of Zot
 57711 | Vaults:5 | Identified Arhamah's Catalogue of Igneous Hexes
 57776 | Vaults:5 | Found Awnosiog's Distillery.
 58076 | Vaults:1 | You paid a toll of 18 scrolls of identify to enter a treasure trove
 58077 | Trove    | Entered a treasure trove
 58099 | Trove    | Got a smoking crystal amulet
 58104 | Trove    | Got a heavily runed jade amulet
 58106 | Trove    | Got a fine marble ring
 58126 | Trove    | Identified the ring of Poumura {rCorr MP+9 Int+4 Dex+4 SInv} (You found it in a treasure trove)
 58132 | Trove    | Got a warped bronze ring
 58156 | Vaults:1 | Identified the ring of Okyodwaf {rF+ Int+5 Dex+3} (You found it in a treasure trove)
 58459 | D:13     | Bought 2 scrolls of blinking for 225 gold pieces
 58459 | D:13     | Bought a scroll of enchant armour for 112 gold pieces
 58651 | Vaults:4 | Identified the +8 broad axe "Wulor" {drain, +Blink rC+ rN+ SInv} (Okawaru gifted it to you on level 5 of the Abyss)
 58652 | Vaults:4 | Identified the +2 broad axe of Turmoil {elec, rPois rF+ MP+9} (Okawaru gifted it to you on level 2 of the Depths)
 59248 | Depths:3 | Found a transporter.
 59251 | Depths:3 | Paralysed by a floating eye for 3 turns
 59262 | Depths:3 | HP: 10/207 [acid (10)]
 59735 | Vaults:5 | Bought a potion of heal wounds for 100 gold pieces
 59735 | Vaults:5 | Bought a potion of heal wounds for 100 gold pieces
 59735 | Vaults:5 | Bought a potion of curing for 60 gold pieces
 59735 | Vaults:5 | Bought a potion of resistance for 200 gold pieces
 59735 | Vaults:5 | Bought a potion of haste for 200 gold pieces
 59735 | Vaults:5 | Bought a potion of curing for 60 gold pieces
 59749 | Vaults:5 | Bought a potion of heal wounds for 85 gold pieces
 59749 | Vaults:5 | Bought 2 potions of might for 136 gold pieces
 60098 | Zot:1    | Entered Level 1 of the Realm of Zot
 60811 | Zot:1    | Reached skill level 15 in Earth Magic
 60868 | Zot:1    | Received a gift from Okawaru
 61203 | Zot:2    | Received a gift from Okawaru
 61208 | Zot:2    | Identified the +4 broad axe of the Dead {speed, *Contam Str+6 Int+7} (Okawaru gifted it to you on level 2 of the Realm of Zot)
 62638 | Zot:3    | Received a gift from Okawaru
 63304 | Zot:4    | Found a burning altar of Makhleb.
 64120 | Zot:5    | Entered Level 5 of the Realm of Zot
 64396 | Zot:5    | Noticed an ancient lich
 64410 | Zot:5    | Killed an ancient lich
 64498 | Zot:5    | Noticed an ancient lich
 64509 | Zot:5    | Killed an ancient lich
 64509 | Zot:5    | Received a gift from Okawaru
 64518 | Zot:5    | Identified the +5 ring mail of Xethruot {*Contam rC+++ rN++ Dex-3} (Okawaru gifted it to you on level 5 of the Realm of Zot)
 64533 | Zot:5    | Noticed an ancient lich
 64540 | Zot:5    | Killed an ancient lich
 64588 | Zot:5    | Noticed an ancient lich
 64596 | Zot:5    | Killed an ancient lich
 64714 | Zot:5    | Noticed an ancient lich
 64728 | Zot:5    | Noticed an ancient lich
 64742 | Zot:5    | Killed an ancient lich
 64746 | Zot:5    | Killed an ancient lich
 64871 | Zot:5    | Noticed an ancient lich
 64871 | Zot:5    | Noticed an orb of fire
 64903 | Zot:5    | Killed an orb of fire
 64915 | Zot:5    | Killed an ancient lich
 65209 | Zot:5    | Noticed an ancient lich
 65217 | Zot:5    | Killed an ancient lich
 65405 | Zot:5    | Received a gift from Okawaru
 65818 | Zot:5    | Noticed an ancient lich
 65831 | Zot:5    | Killed an ancient lich
 65831 | Zot:5    | Received a gift from Okawaru
 65831 | Zot:5    | Noticed an orb of fire
 65854 | Zot:5    | Killed an orb of fire
 65868 | Zot:5    | Identified the +0 pair of gloves "Castreon" {rElec rPois Regen+ Slay-2} (Okawaru gifted it to you on level 5 of the Realm of Zot)
 66014 | Zot:5    | Noticed an orb of fire
 66039 | Zot:5    | Killed an orb of fire
 66296 | Zot:5    | Noticed an orb of fire
 66373 | Zot:4    | Killed an orb of fire
 66611 | Zot:5    | Noticed an orb of fire
 66632 | Zot:5    | Received a gift from Okawaru
 66634 | Zot:5    | Killed an orb of fire
 66645 | Zot:5    | Noticed an orb of fire
 66670 | Zot:5    | Killed an orb of fire
 67415 | Zot:5    | Got the Orb of Zot
 67461 | Zot:3    | Noticed Wiokigit the pandemonium lord
 67535 | Depths:5 | Noticed Foclar the pandemonium lord
 67961 | D:2      | Noticed Ywaegror the pandemonium lord
 67973 | D:2      | Killed Ywaegror the pandemonium lord
 68033 | D:$      | Escaped with the Orb!

Vault maps used:
D:1:      dpeg_arrival_concentric_ovals
D:2:      minitemple, kennysheep_generic_room_13, uniq_natasha, uniq_robin
D:4:      nicolae_overflow_crystal_walls, minmay_temple_entry_trees,
          first_ration
D:5:      gammafunk_wand_slinger, serial_shops, nicolae_shop_crystal
D:7:      nicolae_whirlpool, kennysheep_little_box, kennysheep_mini_moat,
          grunt_ogre_cave, uniq_menkaure, uniq_prince_ribbit1
D:8:      serial_shops, shop, uniq_maurice
D:9:      uniq_erolcha, uniq_pikel
D:10:     erik_lair_orcish_takeover, zombieorc1_lemuel, kennysheep_boxes,
          uniq_psyche, uniq_josephine
D:13:     lightli_vaults_fourway_checkpoint, serial_shops, shop
D:15:     hangedman_depths_entry_try_elsewhere_first, kennysheep_crisscross,
          uniq_kirke
Temple:   regret_index_temple_waves
Lair:2:   swamp_mist, lab_entry_generic, uniq_urug
Lair:3:   guppyfry_snake_entry_garden
Lair:4:   portal_ice_cave_entry_pillars_1, uniq_snorg
Lair:5:   serial_forest, infiniplex_forest_clump_small,
          infiniplex_forest_clump_long, infiniplex_forest_fountain,
          infiniplex_forest_pool, infiniplex_forest_lined_3,
          infiniplex_forest_clump_cross, beast_lair_carwin_2,
          minmay_lair_oklob_chamber
Lair:6:   evilmike_catoblepas_cave, minmay_slime_entry_pillars, serial_bayou,
          serial_bayou_pond_a, lemuel_fruit_fields, lemuel_fruit_fields,
          infiniplex_staircase_pool
Swamp:1:  basic_altar, swamp_pool3
Swamp:2:  hangedman_swamp_lotus
Swamp:3:  hangedman_swamp_pad, swamp_pool5, uniq_jorgrun, uniq_louise
Swamp:4:  swamp_basic_johnstein, swamp_pool2, statue_in_the_mist_lemuel,
          uniq_nikola
Snake:2:  minmay_shoptagon, grunt_megastairs_2
Snake:3:  grunt_megastairs_3
Snake:4:  grunt_snake_rune_serpentine_throne, uniq_aizul
Orc:1:    basic_altar
Orc:2:    pubby_orc_utopia
Elf:1:    eino_elf_arrival_sip, serial_shops, shop, orc_legates
Elf:2:    minmay_shop_grove
Elf:3:    grunt_elf_hall_diamonds, uniq_bai_suzhen
Vaults:1: v_misc_32, v_rooms_6, ontoclasm_vaults_claustrophobia,
          nicolae_vaults_network_barrier, ontoclasm_vaults_spin,
          nicolae_vaults_network_square, nicolae_vaults_big_ls,
          nicolae_vaults_ring_of_whatevers, nicolae_vaults_ring_of_whatevers,
          vaults_room_door_ring, nicolae_vaults_asterisk,
          nicolae_trove_entry_crossroad, serial_shops, nicolae_shop_stone,
          nicolae_shop_waterfront, shop_fountains
Vaults:2: vaults_standard_mumra_enter_the_diamond, v_alt_pattern_5, v_misc_31,
          nicolae_vaults_meeting, v_misc_9, v_alt_pattern_3,
          ontoclasm_vaults_ring_large, ontoclasm_vaults_chip,
          grunt_vaults_diagonal, ontoclasm_vaults_ring_small, v_misc_10,
          nicolae_vaults_circle_grid_b, minmay_crypt_entry_necro_gods,
          nicolae_vaults_little_squares_5, serial_hangedman_research,
          hangedman_research_quantum, hangedman_research_thermodynamics,
          hangedman_research_thanatology, hangedman_research_metamorphosis,
          serial_shops, shop, uniq_donald
Vaults:3: nicolae_vaults_little_squares_3, v_misc_30, st_cross,
          ontoclasm_vaults_ligature, nicolae_vaults_little_ls,
          vaults_room_large_hall, v_pattern_4, v_misc_27,
          ontoclasm_vaults_ring_square, nicolae_vaults_rhombus_7,
          vaults_dpeg_diagonal, nicolae_vaults_little_squares_3, uniq_boris
Vaults:4: hangedman_vaults_trim, vaults_mumra_hex, ontoclasm_vaults_shuriken,
          v_misc_3, v_misc_24, nicolae_vaults_know_your_exits,
          ontoclasm_vaults_decontamination, serial_shops, shop
Depths:1: pf_vacation_house_of_asmodeus, kennysheep_decorative_pillar,
          kennysheep_generic_room_2, minmay_shop_star
Depths:2: hangedman_slaughterboxes, serial_shops, hell_entry
Depths:3: gammafunk_jiyva_shrine, hellmouth_1, pan_entry,
          serial_sigils_hangedman_scratch, minmay_misc_feat_ornament,
          hangedman_decor_riveting, evilmike_minifort
Depths:4: thingy_vault, enter_ziggurat_e, rand_demon_pan_entry_7,
          grunt_hell_entry_dis_mu, minmay_misc_feat_nine_boxes,
          hangedman_abyss_entry_splay, infiniplex_staircase_diamond
Depths:5: grunt_zot_entry_tricorne, nicolae_abyss_entry_one_way_or_another,
          grunt_hell_horde, serial_shops, nicolae_shop_waterfront, pan_entry,
          hangedman_abyss_or_decor_stagger, spider_trap, nicolae_sextant
Zot:1:    amethyst_zot_foddershock
Zot:2:    st_stairs_14, zot_minivault_1
Zot:4:    basic_altar
Abyss:1:  minivault_13
Abyss:3:  hangedman_abyss_or_decor_stabs, serial_sigils_hangedman_shear,
          hangedman_decor_lopped, due_evilmike_abyss_rune_seething_liches
Abyss:4:  evilmike_abyss_rune_ettins
Abyss:5:  gammafunk_abyss_rune_reverse_zot, evilmike_abyss_exit_smiterflies,
          minivault_23, hangedman_abyss_overflow_altar
Abyss:6:  evilmike_abyss_exit_15, lemuel_flamethrower_2, evilmike_abyss_exit_12,
          minivault_27, minivault_23, minivault_23, hangedman_summoners_spam
Zig:6:    ziggurat_pillar_centre_oklobs
Lab:      nicolae_lab_dead_adventurers, nicolae_lab_grate_2, nicolae_lab_garden,
          nicolae_lab_stuck, nicolae_lab_blocks, lab_fountain,
          nicolae_lab_swirl, labyrinth_skeletal_remains, nicolae_lab_starburst,
          labyrinth_fake_exit
Trove:    trove_jewel_1
IceCv:    ice_cave_tombish

Skill      XL: |  1  2  3  4  5  6  7  8  9 10 11 12 13 14 15 16 17 18 19 20 21 22 23 24 25 26 27 |
---------------+----------------------------------------------------------------------------------+-----
Stealth        | 1 2 3 |  3.5
Evocations     | 1 2 3 4 5 |  5.1
Spellcasting   | 1 2 3 4 5 7 8 9 10 11 12 13 15 16 | 16.0
Fighting       | 4 5 6 7 8 9 10 11 12 13 15 | 15.0
Shields        | 1 2 4 5 8 10 13 15 16 17 20 21 23 24 25 | 25.0
Invocations    | 3 5 |  5.0
Necromancy     | 4 6 7 9 |  9.0
Earth Magic    | 3 5 7 8 12 23 | 23.0
Charms         | 3 5 7 |  7.5
Axes           | 3 6 7 8 11 14 15 17 18 | 18.0
Air Magic      | 1 5 7 8 |  8.0
Ice Magic      | 5 9 11 12 | 12.0
Conjurations   | 4 7 8 |  8.0
Dodging        | |  2.6

Action                   |  1- 3 |  4- 6 |  7- 9 | 10-12 | 13-15 | 16-18 | 19-21 | 22-24 | 25-27 || total
-------------------------+-------+-------+-------+-------+-------+-------+-------+-------+-------++-------
Melee: Dagger            |   108 |       |       |       |       |       |       |       |       ||   108
       Whip              |    20 |       |       |       |       |       |       |       |       ||    20
       Kick              |    21 |    44 |    96 |   267 |   452 |   302 |   498 |   543 |   556 ||  2779
       War axe           |    35 |   205 |   153 |       |       |       |       |       |       ||   393
       Short sword       |       |       |   140 |    98 |       |       |       |       |       ||   238
       Hand axe          |       |       |       |   473 |   826 |   553 |   506 |       |       ||  2358
       Headbutt          |       |       |       |       |    72 |       |       |       |       ||    72
       Broad axe         |       |       |       |       |       |    68 |   522 |   971 |   951 ||  2512
Throw: Stone             |    13 |       |     1 |       |       |       |       |       |       ||    14
       Boomerang         |       |     2 |    45 |       |       |       |     3 |       |     6 ||    56
       Dart              |       |       |    32 |     9 |     3 |       |       |       |       ||    44
       Javelin           |       |       |     9 |     4 |     2 |       |       |       |       ||    15
 Cast: Animate Skeleton  |       |       |     1 |       |       |       |       |       |       ||     1
       Borgnjor's Vile C |       |       |       |    13 |   187 |   199 |   227 |   163 |   169 ||   958
       Regeneration      |       |       |       |       |     3 |     2 |     3 |     1 |     4 ||    13
       Deflect Missiles  |       |       |       |       |     3 |     2 |     3 |     1 |     3 ||    12
       Chill Thread      |       |       |       |       |     1 |     2 |     5 |     1 |     3 ||    12
       Spectral Weapon   |       |       |       |       |       |       |     5 |     1 |     3 ||     9
       Ozocubu's Refrige |       |       |       |       |       |       |     3 |     1 |     3 ||     7
       Freezing Cloud    |       |       |       |       |       |       |     1 |       |     1 ||     2
       Blink             |       |       |       |       |       |       |       |     5 |       ||     5
       Shatter           |       |       |       |       |       |       |       |       |     7 ||     7
Invok: Finesse           |       |       |       |       |     1 |       |       |     1 |     7 ||     9
       Heroism           |       |       |       |       |     1 |       |       |       |     2 ||     3
Evoke: Wand              |       |       |    18 |    24 |     5 |    10 |     2 |     1 |    13 ||    73
       Lamp of fire      |       |       |       |       |       |       |     1 |     1 |     1 ||     3
       Box of beasts     |       |       |       |       |       |       |     1 |       |       ||     1
       Sack of spiders   |       |       |       |       |       |       |       |     1 |       ||     1
       Disc of storms    |       |       |       |       |       |       |       |       |     2 ||     2
       Phial of floods   |       |       |       |       |       |       |       |       |     1 ||     1
  Use: Scroll            |       |    13 |     9 |    10 |    16 |    11 |    15 |     3 |    28 ||   105
       Potion            |       |     1 |       |     5 |     3 |     6 |     7 |     8 |    32 ||    62
 Stab: Sleeping          |     2 |     2 |     1 |    16 |    13 |     3 |       |       |       ||    37
       Paralysed         |       |       |     8 |    30 |       |       |       |       |       ||    38
       Distracted        |       |       |       |     2 |     3 |     1 |     9 |    17 |    20 ||    52
       Invisible         |       |       |       |     2 |       |       |       |       |       ||     2
  Eat: Chunk             |     3 |     7 |    11 |    14 |    47 |    28 |    37 |    21 |    17 ||   185
       Ration            |       |     1 |     2 |     3 |     5 |     6 |     6 |     6 |    14 ||    43
Armor: Robe              |    44 |     2 |    56 |   168 |   302 |   141 |   230 |   217 |   263 ||  1423
       Leather armour    |       |    68 |       |       |       |       |       |       |       ||    68
       Chain mail        |       |    25 |   148 |       |       |       |       |       |       ||   173
       Skin              |       |       |       |       |       |     1 |       |       |       ||     1
Dodge: Dodged            |    88 |   147 |   140 |   229 |   284 |   193 |   312 |   261 |   292 ||  1946
       Deflected         |       |       |       |       |    20 |    90 |   102 |    90 |    82 ||   384
Block: Buckler           |       |    51 |    87 |   100 |   142 |    64 |       |       |       ||   444
       Shield            |       |       |       |       |       |   208 |   713 |   909 |   637 ||  2467
       Reflection        |       |       |       |       |       |       |     8 |       |       ||     8
       Large shield      |       |       |       |       |       |       |       |       |   429 ||   429

Table legend:
 A = Spawn XP
 B = Non-spawn XP
 C = Spawn XP percentage of total XP
 D = Spawn monster count
 E = Non-spawn monster count
 F = Spawn count percentage of total count
 G = Total turns spent on level
                    A         B        C        D         E        F      G
               +---------+---------+-------+---------+---------+-------+---------
         Total |   20891 | 1803846 |   1.1 |      43 |    2598 |   1.6 | 68033
               +---------+---------+-------+---------+---------+-------+---------
           D:1 |       0 |      41 |   0.0 |       0 |      22 |   0.0 |  1282
           D:2 |       0 |     139 |   0.0 |       0 |      24 |   0.0 |  1242
           D:3 |       0 |     263 |   0.0 |       0 |      40 |   0.0 |  1703
           D:4 |       0 |     113 |   0.0 |       0 |      10 |   0.0 |   393
           D:5 |       0 |     677 |   0.0 |       0 |      28 |   0.0 |  1110
           D:6 |       0 |     541 |   0.0 |       0 |      12 |   0.0 |  1248
           D:7 |       0 |    1867 |   0.0 |       0 |      29 |   0.0 |  1266
           D:8 |       0 |    2626 |   0.0 |       0 |      22 |   0.0 |  1174
           D:9 |       0 |    7256 |   0.0 |       0 |      45 |   0.0 |   983
          D:10 |       0 |    6358 |   0.0 |       0 |      73 |   0.0 |  1543
          D:11 |       0 |    2325 |   0.0 |       0 |      33 |   0.0 |   843
          D:12 |       0 |    2498 |   0.0 |       0 |      15 |   0.0 |   865
          D:13 |       0 |   11759 |   0.0 |       0 |      30 |   0.0 |  1621
          D:14 |       0 |    5733 |   0.0 |       0 |      30 |   0.0 |   864
          D:15 |       0 |   24939 |   0.0 |       0 |      53 |   0.0 |  1419
        Lair:1 |       0 |    4213 |   0.0 |       0 |      13 |   0.0 |   947
        Lair:2 |       0 |    7043 |   0.0 |       0 |      24 |   0.0 |  1255
        Lair:3 |       0 |    3916 |   0.0 |       0 |      18 |   0.0 |   996
        Lair:4 |       0 |    9100 |   0.0 |       0 |      31 |   0.0 |  1035
        Lair:5 |       0 |   12482 |   0.0 |       0 |      31 |   0.0 |  1298
        Lair:6 |       0 |   24286 |   0.0 |       0 |      68 |   0.0 |  1684
       Swamp:1 |       0 |   14028 |   0.0 |       0 |      35 |   0.0 |  1023
       Swamp:2 |       0 |   17916 |   0.0 |       0 |      49 |   0.0 |   942
       Swamp:3 |       0 |   20969 |   0.0 |       0 |      43 |   0.0 |   959
       Swamp:4 |       0 |   33566 |   0.0 |       0 |      62 |   0.0 |  1267
       Snake:1 |       0 |   15588 |   0.0 |       0 |      36 |   0.0 |  1314
       Snake:2 |       0 |   21529 |   0.0 |       0 |      38 |   0.0 |  1305
       Snake:3 |       0 |   35329 |   0.0 |       0 |      77 |   0.0 |  1405
       Snake:4 |       0 |   54904 |   0.0 |       0 |      88 |   0.0 |  1433
         Orc:1 |       0 |    2639 |   0.0 |       0 |      18 |   0.0 |   651
         Orc:2 |       0 |   20160 |   0.0 |       0 |     138 |   0.0 |  2404
         Elf:1 |       0 |   33562 |   0.0 |       0 |      62 |   0.0 |  1484
         Elf:2 |       0 |   53698 |   0.0 |       0 |      75 |   0.0 |  1761
         Elf:3 |       0 |   67925 |   0.0 |       0 |      61 |   0.0 |  1779
      Vaults:1 |       0 |   48465 |   0.0 |       0 |      88 |   0.0 |  1666
      Vaults:2 |       0 |   85286 |   0.0 |       0 |     127 |   0.0 |  2226
      Vaults:3 |       0 |   49626 |   0.0 |       0 |      59 |   0.0 |  1314
      Vaults:4 |       0 |   56992 |   0.0 |       0 |      87 |   0.0 |  1441
      Vaults:5 |       0 |  180098 |   0.0 |       0 |     140 |   0.0 |  1860
      Depths:1 |       0 |   38946 |   0.0 |       0 |      45 |   0.0 |   798
      Depths:2 |       0 |  112477 |   0.0 |       0 |      97 |   0.0 |  2282
      Depths:3 |       0 |   59041 |   0.0 |       0 |      53 |   0.0 |  1584
      Depths:4 |       0 |   72704 |   0.0 |       0 |      70 |   0.0 |  1303
      Depths:5 |       0 |   46310 |   0.0 |       0 |      41 |   0.0 |  1328
         Zot:1 |       0 |   42090 |   0.0 |       0 |      30 |   0.0 |   575
         Zot:2 |       0 |   52272 |   0.0 |       0 |      28 |   0.0 |   961
         Zot:3 |       0 |   49421 |   0.0 |       0 |      26 |   0.0 |   858
         Zot:4 |       0 |   45978 |   0.0 |       0 |      26 |   0.0 |  1474
         Zot:5 |       0 |  239498 |   0.0 |       0 |      65 |   0.0 |  3098
       Abyss:2 |    1279 |       0 | 100.0 |       2 |       0 | 100.0 |    71
       Abyss:3 |       0 |    1510 |   0.0 |       0 |       3 |   0.0 |    36
       Abyss:4 |    6924 |   34715 |  16.6 |      17 |      81 |  17.3 |   580
       Abyss:5 |    7025 |   17332 |  28.8 |       8 |      10 |  44.4 |   113
       Abyss:6 |    5663 |    4383 |  56.4 |      16 |      10 |  61.5 |   132
         Zig:1 |       0 |    4345 |   0.0 |       0 |       1 |   0.0 |    17
         Zig:2 |       0 |    1233 |   0.0 |       0 |       3 |   0.0 |    25
         Zig:3 |       0 |    2798 |   0.0 |       0 |       7 |   0.0 |    34
         Zig:4 |       0 |    7353 |   0.0 |       0 |       4 |   0.0 |    85
         Zig:5 |       0 |    4359 |   0.0 |       0 |      10 |   0.0 |    49
         Zig:6 |       0 |    2244 |   0.0 |       0 |       4 |   0.0 |    19
         Zig:7 |       0 |    8970 |   0.0 |       0 |      11 |   0.0 |   350
         Zig:8 |       0 |    7954 |   0.0 |       0 |      11 |   0.0 |   208
           Lab |       0 |    1683 |   0.0 |       0 |       4 |   0.0 |   166
         IceCv |       0 |    5775 |   0.0 |       0 |      24 |   0.0 |   638
               +---------+---------+-------+---------+---------+-------+---------
